 Dungeon Crawl Stone Soup version 0.28.0-45-g0d030f2227 (webtiles) character file.

Game seed: 11820924500452491595

52 Cubic the Skirmisher (level 3, -2/33 HPs)
             Began as a Draconian Fighter on Apr 12, 2022.
             Shot with a stone by a goblin (5 damage)
             ... led by Robin
             ... on level 2 of the Dungeon.
             The game lasted 00:42:45 (1119 turns).

Cubic the Skirmisher (Draconian Fighter)            Turns: 1119, Time: 00:42:46

Health: -2/33      AC:  5    Str: 20    XL:     3   Next: 60%
Magic:  3/3        EV: 11    Int:  8    God:
Gold:   49         SH:  4    Dex: 10    Spells: 2/2 levels left

rFire   . . .      SeeInvis .   a - +0 flail
rCold   . . .      Faith    .   j - +0 buckler
rNeg    . . .      Spirit   .   (armour unavailable)
rPois   .          Reflect  .   (helmet restricted)
rElec   .          Harm     .   (no cloak)
rCorr   .          Rampage  .   (no gloves)
Will    .....                   (no boots)
Stlth   +.........              (no amulet)
HPRegen 0.11/turn               (no ring)
MPRegen 0.08/turn               (no ring)

@: mighty
A: AC +5, unfitting armour, cold-blooded
a: no special abilities


You were on level 2 of the Dungeon.
You visited 1 branch of the dungeon, and saw 2 of its levels.

You collected 49 gold pieces.

Inventory:

Hand Weapons
 a - a +0 flail (weapon)
 b - a +0 hunting sling
 f - a +0 whip
Missiles
 h - 34 stones (quivered)
Armour
 j - a +0 buckler (worn)
Jewellery
 e - a ring of fire
   (You found it on level 1 of the Dungeon)
Scrolls
 d - a scroll of enchant armour {unknown}
 g - 2 scrolls of teleportation {unknown}
 i - 2 scrolls of identify {unknown}
 k - a scroll of vulnerability {unknown}


   Skills:
 + Level 3.9 Fighting
 * Level 3.5 Maces & Flails
 - Level 2.6 Dodging
 - Level 3.0 Shields


You had 2 spell levels left.
You didn't know any spells.
Your spell library was empty.

Dungeon Overview and Level Annotations

Branches:
Dungeon (2/15)

Altars:

Shops:
D:1 *


Innate Abilities, Weirdness & Mutations

Your plain brown scales are hard. (AC +5)
You cannot fit into any form of body armour.
You are cold-blooded and may be slowed by cold attacks.


Message History

A goblin comes into view. It is wielding a +0 club. x2
Robin throws the goblin at you!
a - a +0 flail (weapon)
The goblin shouts! x2
A goblin opens the door.
You closely miss the goblin. Robin throws the goblin at you!
The goblin hits you with a +0 dagger.
A goblin comes into view. It is wielding a +0 club.
A hobgoblin comes into view.
The goblin closely misses you. The goblin hits you with a +0 dagger.
A goblin comes into view. It is wielding a +0 club.
You closely miss the goblin. The goblin hits you with a +0 club.
The goblin closely misses you. The goblin barely misses you.
You sock the goblin!
You kill the goblin!
The goblin unwields a +0 club.
The goblin wields a +0 hunting sling.
The goblin shoots a stone.
The stone barely misses you. You block the goblin's attack.
You closely miss the goblin.
Your tail-slap misses the goblin.
The goblin hits you with a +0 club. The hobgoblin barely misses you.
You miss the goblin. The goblin hits you with a +0 club.
The hobgoblin misses you. The goblin closely misses you.
You closely miss the goblin. You block the hobgoblin's attack.
The goblin misses you. The hobgoblin closely misses you.
You feel very mighty all of a sudden. The goblin barely misses you.
The hobgoblin hits you but does no damage.
You thump the goblin!
You kill the goblin!
The goblin no longer looks unusually strong.
The hobgoblin closely misses you.
You sock Robin!
Robin is severely wounded.
The hobgoblin barely misses you.
Robin roars a battlecry!
Press: ? - help, v - describe, . - travel, g - get item
Here: Robin, wielding a +0 club, wearing a +0 animal skin and wearing a +0 helmet (severely wounded)
Items here: a +0 club; a goblin corpse.
An open door, spattered with blood.
You sock Robin!
You kill Robin!
The hobgoblin closely misses you. The goblin closely misses you.
The hobgoblin barely misses you.
You closely miss the hobgoblin.
Your tail-slap misses the hobgoblin.
The goblin no longer looks unusually strong. x2
The goblin hits you with a +0 club. The hobgoblin barely misses you.
You hit the hobgoblin.
You kill the hobgoblin!
The goblin no longer looks unusually strong.
The goblin shoots a stone.
The stone hits you.
* * * LOW HITPOINT WARNING * * *
Okay, then.
You are too injured to fight recklessly!
You sock the goblin!
You kill the goblin!
The goblin no longer looks unusually strong. x2
The goblin shoots a stone.
The stone closely misses you. The goblin hits you with a +0 club.
* * * LOW HITPOINT WARNING * * *
You hit the goblin.
You kill the goblin!
The goblin closely misses you. The goblin barely misses you.
The hobgoblin closely misses you.
You barely miss the hobgoblin. The goblin hits you but does no damage.
The hobgoblin closely misses you.
You sock the hobgoblin!
You kill the hobgoblin!
The goblin shoots a stone.
The stone hits you but does no damage. The goblin hits you but does no damage.
You barely miss the goblin. You block the goblin's attack.
The goblin closely misses you. The goblin hits you with a +0 club.
* * * LOW HITPOINT WARNING * * *
The goblin hits you but does no damage.
You feel better. The goblin closely misses you.
The goblin hits you but does no damage.
You sock the goblin!
You kill the goblin!
The goblin shoots a stone.
You block the stone.
The goblin shoots a stone.
The stone hits you but does no damage.
You closely miss the goblin. The goblin hits you with a +0 club.
The goblin shoots a stone.
The stone hits you but does no damage.
You closely miss the goblin. You tail-slap the goblin.
You kill the goblin!
The goblin shoots a stone.
The stone closely misses you.
The goblin shoots a stone.
You block the stone.
The goblin shoots a stone.
The stone hits you.
The goblin no longer looks unusually strong.
The goblin unwields a +0 hunting sling.
The goblin wields a +0 club.
The goblin barely misses you.
The goblin shoots a stone.
The stone closely misses you.
There is an open door here.
Things that are here:
a +0 dagger; a goblin corpse You closely miss the goblin.
The goblin hits you with a +0 club.
* * * LOW HITPOINT WARNING * * *
The goblin shoots a stone.
The stone hits you.
* * * LOW HITPOINT WARNING * * *
You barely miss the goblin. The goblin barely misses you.
The goblin shoots a stone.
The stone hits you.
You die...

#+##..........#
##....######
#....########
#............
#............
#.........(..
#...)....((..
#..g.........
###@#........
#.)g.......
###........
.........
#.........
#[#+###### #.
#. #.


You could see 2 goblins.

Vanquished Creatures
  Robin (D:2)
  2 dart slugs (D:1)
  3 endoplasms
  A giant cockroach (D:1)
  11 goblins
  5 hobgoblins
  3 ball pythons
  2 bats (D:1)
  A frilled lizard (D:1)
  3 kobolds (D:1)
  3 rats (D:1)
35 creatures vanquished.

Notes
Turn   | Place    | Note
-------+----------+-------------------------------------------
     0 | D:1      | Cubic the Draconian Fighter began the quest for the Orb.
     0 | D:1      | Reached XP level 1. HP: 19/19 MP: 1/1
   201 | D:1      | Found Failessur's General Store.
   221 | D:1      | Reached XP level 2. HP: 25/26 MP: 2/2
   695 | D:1      | Reached skill level 3 in Maces & Flails
   931 | D:2      | Reached XP level 3. HP: 33/33 MP: 3/3
  1091 | D:2      | Noticed Robin
  1105 | D:2      | Killed Robin
  1118 | D:2      | HP: 3/33 [goblin/stone[Robin] (6)]
  1119 | D:2      | Shot with a stone by a goblin

Illustrated notes

Levels and vault maps discovered:
D:1:      pf_arrival_petrified_forest, layout_loops_cross, serial_shops,
          shop_fountains, minmay_misc_feat_more_columns
D:2:      minmay_chambers_of_ones, layout_basic, minmay_unequal, uniq_robin

Skill      XL: |  1  2 |
---------------+-------+-----
Maces & Flails | 3 |  3.5
Fighting       | |  3.9
Dodging        | |  2.6
Shields        | |  3.0

Action                   || total
-------------------------++-------
Melee: Flail             ||    81
       Tailslap          ||     3
 Fire: Hunting sling     ||    11
Throw: Stone             ||     2
  Use: Potion            ||     2
 Stab: Sleeping          ||     1
Armor: Skin              ||    28
Dodge: Dodged            ||    55
Block: Buckler           ||    22

Table legend: (Time is in decaauts)
 A = Elapsed time spent in this place.
 B = Non-inter-level travel time spent in this place.
 C = Inter-level travel time spent in this place.
 D = Time resting spent in this place.
 E = Time spent auto-exploring this place.
 F = Levels seen in this place.
 G = Mean time per level.
                   A        B        C        D        E       F      G
               +--------+--------+--------+--------+--------+-----+--------+
         Total |   1137 |   1104 |     33 |     13 |    712 |   2 |  568.5 |
       Dungeon |   1137 |   1104 |     33 |     13 |    712 |   2 |  568.5 |
               +--------+--------+--------+--------+--------+-----+--------+

Top non-repeatable levels by time:
     D:1: 937 daAuts
     D:2: 200 daAuts

Table legend:
 A = Kills in this place as a percentage of kills in entire the game.
 B = Kills by you in this place as a percentage of kills by you in the entire game.
 C = Kills by friends in this place as a percentage of kills by friends in the entire game.
 D = Other kills in this place as a percentage of other kills in the entire game.
 E = Experience gained in this place as a percentage of experience gained in the entire game.
 F = Experience gained in this place divided by the number of levels of this place that you have seen.
                   A       B       C       D       E      F
               +-------+-------+-------+-------+-------+----------------------
         Total | 100.0 | 100.0 |   N/A |   N/A | 100.0 |  37.5
       Dungeon | 100.0 | 100.0 |   N/A |   N/A | 100.0 |  37.5
               +-------+-------+-------+-------+-------+----------------------
